 Dungeon Crawl Stone Soup version 0.21-a0-624-g16f8e2cdda (webtiles) character file.

172 MirrMurr the Cudgeler (level 5, 0/34 HPs)
             Began as a Gargoyle Fighter on Dec 24, 2017.
             Killed by nerve-wracking pain
             ... invoked by Grinder
              (4 damage)
             ... on level 3 of the Dungeon.
             The game lasted 00:05:06 (1866 turns).

MirrMurr the Cudgeler (Gargoyle Fighter)            Turns: 1866, Time: 00:05:06

Health: 0/34       AC: 14    Str: 25    XL:     5   Next: 53%
Magic:  0/5        EV:  5    Int:  9    God:
Gold:   113        SH:  9    Dex:  9    Spells: 4/4 levels left

rFire    . . .     SeeInvis .   a - +0 flail
rCold    . . .     Gourm    .   c - +0 shield
rNeg     + . .     Faith    .   i - +0 chain mail
rPois    ∞         Spirit   +   (no helmet)
rElec    +         Reflect  .   (no cloak)
rCorr    .         Harm     .   (no gloves)
MR       .....                  v - +0 pair of boots
Stlth    ..........             p - amulet of guardian spirit
HPRegen  0.11/turn              (no ring)
MPRegen  0.09/turn              (no ring)

@: mighty
A: negative energy resistance 1, electricity resistance, unbreathing,
petrification resistance, rot immunity, AC +4
a: no special abilities


You were on level 3 of the Dungeon.
You were not hungry.

You visited 1 branch of the dungeon, and saw 3 of its levels.

You collected 113 gold pieces.

Inventory:

Hand Weapons
 a - a +0 flail (weapon)
Missiles
 e - 19 sling bullets
 k - 112 stones (quivered)
Armour
 c - a +0 shield (worn)
 i - a +0 chain mail (worn)
 v - a +0 pair of boots (worn)
Jewellery
 p - an amulet of guardian spirit (around neck)
 u - a +4 ring of strength {unknown}
Scrolls
 b - a scroll of enchant armour {unknown}
 j - a scroll of random uselessness {unknown}
 r - a scroll of remove curse
 t - a scroll of blinking {unknown}
 w - a scroll of identify
Potions
 h - a potion of cancellation
 l - a potion of brilliance {unknown}
 m - a potion of invisibility {unknown}
 n - a potion of heal wounds {unknown}
 o - a potion of ambrosia {unknown}
 q - a potion of lignification
 s - 2 potions of curing {unknown}
Comestibles
 f - 6 rations
 g - 4 chunks of flesh


   Skills:
 + Level 4.6 Fighting
 * Level 4.7 Maces & Flails
 - Level 3.2 Armour
 - Level 3.2 Shields


You had 4 spell levels left.
You didn't know any spells.

Dungeon Overview and Level Annotations

Branches:
Dungeon (3/15)

Altars:
Elyvilon
Vehumet

Annotations:
D:3 Grinder


Innate Abilities, Weirdness & Mutations

You are resistant to torment.
Your stone body is resilient. (AC +4)
You are immune to poison.
You resist negative energy. (rN+)
You are resistant to electric shocks. (rElec)
You can survive without breathing.
You are immune to petrification.
You are immune to rotting.


Message History

Grinder gestures at you. Pain shoots through your body!
Your shield and chain mail prevent you from hitting Grinder.
Grinder is heavily wounded.
Grinder gestures at you. Pain shoots through your body!
* * * LOW HITPOINT WARNING * * *
Your chain mail prevents you from hitting Grinder.
Grinder is heavily wounded.
Grinder hits you but does no damage.
Unknown command.
You sock Grinder!
Grinder is severely wounded.
Grinder hits you.
* * * LOW HITPOINT WARNING * * *
You writhe in agony.
* * * LOW HITPOINT WARNING * * *
Grinder gestures at you. Pain shoots through your body!
You die...

....... ########
#........# #......#
#........# #......#
#........# #......#
#........# #......#
#........###......#
#.........@'......'.
#........5##......#.
#.........#########
###.#........# #
#.#........# #####
### #.#........#
#...# #.'
#.#........# #...#
#.# #.#####'####
#...# #.# #.# #.#
#...# #.#


You could see Grinder.

Vanquished Creatures
  The ghost of Wizop the Sneak, a weakling SpEn (D:3)
  Jessica (D:3)
  5 adders
  An ooze (D:2)
  5 worms
  3 dart slugs (D:1)
  A ball python (D:2)
  2 giant cockroaches
  7 goblins
  7 hobgoblins
  3 quokkas
  6 bats
  4 frilled lizards
  4 kobolds
  3 rats (D:3)
53 creatures vanquished.

Notes
Turn   | Place    | Note
-------+----------+-------------------------------------------
     0 | D:1      | MirrMurr the Gargoyle Fighter began the quest for the Orb.
     0 | D:1      | Reached XP level 1. HP: 14/14 MP: 1/1
   140 | D:1      | You fall through a shaft!
   154 | D:2      | Reached XP level 2. HP: 15/19 MP: 2/2
   196 | D:2      | Reached XP level 3. HP: 19/24 MP: 3/3
   728 | D:2      | Reached XP level 4. HP: 29/29 MP: 4/4
   947 | D:3      | Noticed Wizop's ghost (weakling SpEn)
  1016 | D:3      | Noticed Jessica
  1024 | D:3      | Killed Jessica
  1070 | D:3      | Reached XP level 5. HP: 34/34 MP: 5/5
  1176 | D:3      | Found a white marble altar of Elyvilon.
  1176 | D:3      | Found a radiant altar of Vehumet.
  1375 | D:3      | Killed Wizop's ghost
  1849 | D:3      | Noticed Grinder
  1856 | D:3      | Paralysed by Grinder for 7 turns
  1866 | D:3      | Killed from afar by Grinder

Vault maps used:
D:1:      tarquinn_simple_flora_water_a
D:3:      amethyst_overflow_temple_binary, uniq_grinder, uniq_jessica

Skill      XL: |  1  2  3  4 |
---------------+-------------+-----
Maces & Flails | 3 4 |  4.7
Fighting       | 4 |  4.6
Armour         | |  3.2
Shields        | |  3.2

Action                   |  1- 3 |  4- 6 || total
-------------------------+-------+-------++-------
Melee: Flail             |    98 |   147 ||   245
  Use: Scroll            |     2 |     2 ||     4
       Potion            |       |     1 ||     1
  Eat: Chunk             |       |     4 ||     4
Armor: Scale mail        |    52 |       ||    52
       Chain mail        |     2 |    82 ||    84
Dodge: Dodged            |    47 |    26 ||    73
Block: Shield            |    68 |    62 ||   130

Table legend:
 A = Spawn XP
 B = Non-spawn XP
 C = Spawn XP percentage of total XP
 D = Spawn monster count
 E = Non-spawn monster count
 F = Spawn count percentage of total count
 G = Total turns spent on level
                    A         B        C        D         E        F      G
               +---------+---------+-------+---------+---------+-------+---------
         Total |       0 |     247 |   0.0 |       0 |      53 |   0.0 |  1866
               +---------+---------+-------+---------+---------+-------+---------
           D:1 |       0 |      30 |   0.0 |       0 |      15 |   0.0 |   384
           D:2 |       0 |      59 |   0.0 |       0 |      13 |   0.0 |   657
           D:3 |       0 |     158 |   0.0 |       0 |      25 |   0.0 |   825
               +---------+---------+-------+---------+---------+-------+---------
